 Dungeon Crawl Stone Soup version 0.31-a0-702-gf82c85558f (webtiles) character file.

Game seed: 6653390734643563363

38849 freelancePsychic the Markself (level 13, 0/83 (84) HPs)
             Began as a Deep Elf Brigand on Sept 7, 2023.
             Was a High Priest of Dithmenos.
             Slain by an orc sorcerer
             ... wielding a +2 glaive of flaming
              (11 damage)
             ... in a volcano on Sept 8, 2023.
             The game lasted 00:33:45 (18966 turns).

freelancePsychic the Markself (Deep Elf Brigand)   Turns: 18966, Time: 00:33:46

HP:   0/83 (84)     AC: 18    Str:  8    XL:     13   Next: 66%
MP:   15/15         EV: 21    Int: 18    God:    Dithmenos [*****.]
Gold: 1459          SH:  5    Dex: 20    Spells: 12/12 levels left

rFire   + + .        r - +0 arbalest
rCold   + . .        (shield currently unavailable)
rNeg    . . .        E - +0 steam dragon scales
rPois   +            h - +2 helmet
rElec   +            c - +0 cloak
rCorr   +            y - +2 pair of gloves {hurl}
SInv    .            (no boots)
Will    +....        A - amulet of reflection
Stlth   +++++        i - ring of protection from fire
HPRegen 0.33/turn    n - +4 ring of protection
MPRegen 0.14/turn

%: reflection
@: resistant, spiked, hasted, wreathed by umbra, lightly drained, very quick
A: no striking features
a: Renounce Religion, Shadow Step, Shadow Form


You were in a volcano.
You worshipped Dithmenos.
Dithmenos was extremely pleased with you.
You visited 3 branches of the dungeon, and saw 17 of its levels.
You also visited: Sewer, Bailey and Volcano.

You collected 2143 gold pieces.
You spent 684 gold pieces at shops.

Inventory:

Hand Weapons
 a - a +2 dagger
 b - a +0 orcbow
 r - a +0 arbalest (weapon)
Missiles
 d - 44 poisoned darts
 e - 4 curare-tipped darts
 J - 3 atropa-tipped darts
Armour
 c - a +0 cloak (worn)
 h - a +2 helmet (worn)
 k - a +0 leather armour
 m - a +1 leather armour of fire resistance
 y - a +2 pair of gloves of hurling (worn)
 z - a +0 troll leather armour
 E - +0 steam dragon scales (worn)
Jewellery
 i - a ring of protection from fire (left hand)
 j - a ring of resist corrosion
 n - a +4 ring of protection (right hand)
 o - a ring of willpower
 p - a +4 ring of protection
 A - an amulet of reflection (around neck)
 D - a +6 ring of intelligence
 I - a ring of poison resistance
 K - a ring of wizardry
 P - an amulet of guardian spirit
 U - a ring of positive energy
 V - a ring of protection from fire
Wands
 C - a wand of polymorph (2)
 Q - a wand of flame (21)
 W - a wand of roots (5)
 Y - a wand of mindburst (8)
Scrolls
 l - 2 scrolls of enchant weapon
 s - 3 scrolls of vulnerability
 v - 3 scrolls of identify {@r1}
 w - 3 scrolls of amnesia
 x - 3 scrolls of revelation
 B - a scroll of noise
 F - 2 scrolls of teleportation {@r4}
 G - 2 scrolls of blinking
 M - a scroll of fear
 R - a scroll of torment
 S - 2 scrolls of immolation
Potions
 f - 6 potions of mutation
 g - 2 potions of attraction
 q - a potion of haste {@q3}
 t - a potion of magic
 u - 5 potions of enlightenment
 H - a potion of heal wounds {@q2}
 L - a potion of curing {@q1}
 N - a potion of resistance
 O - 2 potions of brilliance
 T - a potion of lignification
 X - a potion of cancellation
 Z - a potion of might


   Skills:
 + Level 11.6 Fighting
 - Level 2.3 Short Blades
 + Level 17.5 Ranged Weapons
 - Level 2.0 Throwing
 + Level 5.6 Armour
 - Level 13.0 Dodging
 - Level 5.0 Stealth
 - Level 6.1 Evocations


You had 12 spell levels left.
You didn't know any spells.
Your spell library contained the following spells:

 Spells                   Type           Power      Damage    Failure   Level
 Foxfire                  Conj/Fire      0%         2x1d4     22%         1
 Freeze                   Ice            0%         1d3       22%         1
 Necrotise                Necr           0%         1d4       22%         1
 Sting                    Tmut/Pois      0%         1d3       22%         1
 Static Discharge         Conj/Air       0%         2-2/arc   32%         2
 Frozen Ramparts          Ice            0%         1d1       54%         3
 Hailstorm                Conj/Ice       0%         3d3       54%         3
 Inner Flame              Hex/Fire       0%         N/A       54%         3
 Ozocubu's Armour         Ice            0%         N/A       54%         3
 Airstrike                Air            0%         2d(0-16)  91%         4
 Cause Fear               Hex            0%         N/A       91%         4
 Dispel Undead            Necr           0%         3d6       91%         4
 Summon Lightning Spire   Summ/Air       0%         N/A       91%         4
 Alistair's Intoxication  Tmut/Pois      0%         N/A       99%         5
 Fireball                 Conj/Fire      0%         3d3       99%         5
 Iskenderun's Battlesphe  Conj           0%         2d6       99%         5
 Yara's Violent Unravell  Hex/Tmut       0%         3d3       99%         5
 Conjure Ball Lightning   Conj/Air       0%         3x3d6     100%        6
 Enfeeble                 Hex            0%         N/A       100%        7
 Haunt                    Necr/Summ      0%         N/A       100%        7
 Orb of Destruction       Conj           0%         9d5       100%        7
 Ozocubu's Refrigeration  Ice            0%         4d7       100%        7
 Ignition                 Fire           0%         3d3       100%        8
 Infestation              Necr           0%         N/A       100%        8
 Dragon's Call            Summ           0%         N/A       100%        9


Dungeon Overview and Level Annotations

Branches:
Dungeon (13/15)            Temple (1/1) D:5            Lair (3/5) D:9
 Shoals (0/4) Lair:3       Spider (0/4) Lair:2          Orc (0/2) D:9
  Sewer (visited)          Bailey (visited)         Volcano (1/1)
 Vaults: D:13-14

Altars:
Ashenzari
Cheibriados
Dithmenos
Elyvilon
Fedhas
Gozag
Hepliaklqana
Kikubaaqudgha
Makhleb
Nemelex Xobeh
Okawaru
Qazlal
Ru
Sif Muna
Trog
Uskayaw
Vehumet
Wu Jian
Xom
Yredelemnul
Zin
The Shining One

Shops:
D:1 (   D:2 ?   D:3 *   D:9 !

Annotations:
D:2 1 runed translucent door, Crazy Yiuf
D:3 2 runed translucent doors, bobo's ghost, weakling BaHs
D:5 Sigmund


Message History

There is an open door here.
You see here a +2 trident of flaming.
Found 5 stones.
The sun demon completely misses you.
You shoot a bolt. The bolt barely misses the sun demon.
The bolt hits the sun demon!!
The sun demon is heavily wounded.
Your shadow shoots a bolt.
The bolt hits the sun demon.
You block the sun demon's attack.
The orc sorcerer gestures wildly while chanting.
The red devil hits you from afar with a +0 trident of flaming!
Barbed spikes become lodged in your body.
The red devil burns you.
You shoot a bolt. The bolt closely misses the sun demon.
The bolt hits the sun demon!
The sun demon is severely wounded.
The sun demon completely misses you.
The red devil hits you from afar with a +0 trident of flaming!
Barbed spikes become lodged in your body.
You shoot a bolt. The chaos spawn bleats!
The bolt hits the sun demon.
The sun demon is lightly wounded.
The sun demon hits you!!
* * * LOW HITPOINT WARNING * * *
You are engulfed in flames.
You resist.
* * * LOW HITPOINT WARNING * * *
The red devil completely misses you.
You feel much better.
The red devil hits you from afar with a +0 trident of flaming.
Barbed spikes become lodged in your body.
The sun demon completely misses you.
You feel yourself speed up.
The air gets thick with the scent of sulphur.
The sun demon hits you!
* * * LOW HITPOINT WARNING * * *
You are engulfed in flames.
You resist.
* * * LOW HITPOINT WARNING * * *
The sun demon completely misses you.
The orc sorcerer hits you from afar with a +2 glaive of flaming!
You die...

#.......≈§§≈
#.......§≈§
##...##..≈≈.
#8.8# ....
##.## ...
#.# ##'##
#####
#...##....##
+.4o3@....$#
#..4#3⌠..8$#
##'##.....$#
#). ##....##
#.. #8###
+._ [# #..
(. ##. ###
##


You could see 2 sun demons, a chaos spawn (summoned), an orc sorcerer and a red
devil.

Vanquished Creatures
  A tengu reaver (D:13)
  A yaktaur captain (D:12)
  A hydra (Lair:2)
  4 centaur warriors
  An ogre mage (D:12)
  5 two-headed ogres
  A death yak (Lair:2)
  An orc knight (D:9)
  Pikel (D:6)
  5 cyclopes
  2 ugly things
  A deep elf pyromancer (D:12)
  5 manticores
  A black mamba (shapeshifter) (D:13)
  A molten gargoyle (Volcano)
  A gargoyle (D:12)
  An unseen horror (D:12)
  5 cane toads
  A torpor snail (Lair:2)
  3 rime drakes (Lair:1)
  Psyche (D:11)
  3 kobold demonologists
  6 komodo dragons
  2 trolls (D:9)
  A polar bear (Lair:2)
  A meliai (D:12)
  A red devil (Volcano)
  Grinder (D:5)
  A blink frog (shapeshifter) (D:13)
  Prince Ribbit (D:6)
  3 blink frogs (Lair:2)
  5 slime creatures
  4 culicivoras (Lair:2)
  2 shadows
  6 wraiths
  26 yaks
  2 wyverns (D:9)
  4 fire bats (Volcano)
  Grum (D:10)
  5 basilisks
  4 steam dragons
  A warg (shapeshifter) (D:13)
  3 vampire mosquitoes (D:11)
  3 water moccasins
  Duvessa (D:7)
  2 acid dragons (D:9)
  2 hell hounds (Lair:3)
  11 orc warriors
  An ice beast (D:6)
  6 centaurs
  7 wolves
  2 lemures (D:6)
  4 gnoll sergeants
  5 kobold brigands
  8 bullfrogs
  A scorpion (D:5)
  13 wights
  Dowan (D:7)
  6 killer bees
  8 howler monkeys
  6 lava snakes (Volcano)
  3 jellies
  5 hounds
  6 orc priests
  A sleepcap (D:6)
  6 iguanas
  A hell rat (Sewer)
  6 orc wizards
  A centaur simulacrum (D:9)
  Robin (D:2)
  13 gnolls
  2 river rats (Sewer)
  6 adders
  An ufetubus (D:7)
  A worm (D:3)
  2 dart slugs (D:1)
  32 orcs
  6 ball pythons
  5 endoplasms
  3 giant cockroaches (D:1)
  11 goblins
  15 hobgoblins
  2 quokkas
  3 bats
  A frilled lizard (D:1)
  22 kobolds
  14 rats
382 creatures vanquished.

Notes
Turn   | Place    | Note
-------+----------+-------------------------------------------
     0 | D:1      | freelancePsychic the Deep Elf Brigand began the quest for
                  | the Orb.
     0 | D:1      | Reached XP level 1. HP: 12/12 MP: 3/3
   100 | D:1      | Reached skill level 5 in Stealth
   111 | D:1      | Found Cemul's Weapon Boutique.
   138 | D:1      | Reached XP level 2. HP: 13/17 MP: 4/4
   173 | D:1      | Reached skill level 1 in Ranged Weapons
   953 | D:2      | Found Wur Bied's Magic Scroll Shoppe.
   983 | D:2      | Reached skill level 2 in Ranged Weapons
   983 | D:2      | Reached XP level 3. HP: 21/21 MP: 5/5
  1004 | D:2      | Identified the +4 helmet of Understanding {Dex+5}
  1004 | D:2      | Noticed Robin
  1482 | D:2      | Killed Robin
  1483 | D:2      | Reached skill level 3 in Ranged Weapons
  1496 | D:2      | Reached XP level 4. HP: 27/27 MP: 6/6
  1656 | D:2      | Found a runed translucent door.
  1657 | D:2      | Noticed Crazy Yiuf
  2066 | D:1      | Bought a +0 orcbow for 49 gold pieces
  2426 | D:3      | Found a runed translucent door.
  2426 | D:3      | Noticed bobo's ghost (weakling BaHs)
  2438 | D:3      | Found a runed translucent door.
  2597 | D:3      | Reached skill level 4 in Ranged Weapons
  2770 | D:3      | Found Vuklyosusu's Assorted Antiques.
  2949 | D:2      | Bought a scroll of identify for 28 gold pieces
  2949 | D:2      | Bought a scroll of identify for 28 gold pieces
  2949 | D:2      | Bought a scroll of identify for 28 gold pieces
  2949 | D:2      | Bought a scroll of identify for 28 gold pieces
  3002 | D:4      | Reached XP level 5. HP: 31/31 MP: 7/7
  3276 | D:4      | Reached skill level 5 in Ranged Weapons
  3755 | D:5      | Entered Level 5 of the Dungeon
  3768 | D:5      | Noticed a water moccasin
  3810 | D:5      | Found a glowing drain.
  3822 | Sewer    | Entered a sewer
  3940 | Sewer    | Reached XP level 6. HP: 37/37 MP: 8/8
  3954 | Sewer    | Reached skill level 6 in Ranged Weapons
  4210 | D:5      | Found a staircase to the Ecumenical Temple.
  4224 | Temple   | Entered the Ecumenical Temple
  4246 | Temple   | Became a worshipper of Dithmenos the Shadowed
  4320 | D:5      | Reached skill level 7 in Ranged Weapons
  4455 | D:5      | Reached XP level 7. HP: 23/42 MP: 9/9
  4481 | D:5      | Noticed Grinder
  4693 | D:5      | Killed Grinder
  4694 | D:5      | Reached skill level 8 in Ranged Weapons
  4903 | D:5      | Noticed Sigmund
  5043 | D:5      | Reached skill level 9 in Ranged Weapons
  5043 | D:5      | Reached XP level 8. HP: 23/48 MP: 10/10
  5445 | D:6      | Reached * piety under Dithmenos
  5537 | D:6      | Noticed Prince Ribbit
  5552 | D:6      | Killed Prince Ribbit
  5722 | D:6      | Reached skill level 10 in Ranged Weapons
  5798 | D:6      | Reached skill level 5 in Fighting
  5798 | D:6      | Reached skill level 5 in Dodging
  5944 | D:6      | Noticed Pikel
  5957 | D:6      | Killed Pikel
  5958 | D:6      | Reached skill level 11 in Ranged Weapons
  5958 | D:6      | Reached XP level 9. HP: 54/54 MP: 11/11
  6321 | D:6      | Found an iron altar of Okawaru.
  6455 | D:6      | Found a stormy altar of Qazlal.
  6677 | D:7      | Found a flagged portal.
  6695 | Bailey   | Entered a bailey
  6787 | Bailey   | Reached skill level 12 in Ranged Weapons
  6810 | Bailey   | Reached ** piety under Dithmenos
  7108 | D:7      | Reached skill level 13 in Ranged Weapons
  7219 | D:7      | Found a basalt altar of Yredelemnul.
  7245 | D:7      | Noticed Duvessa
  7245 | D:7      | Noticed Dowan
  7258 | D:7      | Killed Duvessa
  7266 | D:7      | Killed Dowan
  7651 | D:7      | Noticed a skeletal warrior
  7710 | D:7      | Reached XP level 10. HP: 59/61 MP: 12/12
  7826 | D:3      | Bought a crude shortbow for 248 gold pieces
  7826 | D:3      | Identified the +3 shortbow "Qaenoats" {drain, Int+5} (You
                  | bought it in a shop on level 3 of the Dungeon)
  7827 | D:3      | Bought a scroll of teleportation for 93 gold pieces
  7827 | D:3      | Bought a lumpy emerald potion for 27 gold pieces
  8033 | D:8      | Noticed a two-headed ogre
  8040 | D:8      | Killed a two-headed ogre
  8470 | D:8      | Upgraded the game from 0.31-a0-700-gf13585253f to
                  | 0.31-a0-702-gf82c85558f
  8581 | D:8      | Reached skill level 14 in Ranged Weapons
  9079 | D:9      | Noticed a cyclops
  9088 | D:9      | Killed a cyclops
  9115 | D:9      | Noticed a tengu warrior
  9139 | D:9      | HP: 2/63 [tengu warrior/+2 great mace (21)]
  9143 | D:9      | Noticed a cyclops
  9396 | D:9      | Reached skill level 15 in Ranged Weapons
  9400 | D:9      | Noticed a manticore
  9416 | D:9      | Killed a manticore
  9570 | D:10     | Entered Level 10 of the Dungeon
  9641 | D:10     | Found a hide-covered altar of Uskayaw.
  9724 | D:10     | Reached *** piety under Dithmenos
  9956 | D:10     | Noticed a manticore
  9962 | D:10     | Killed a manticore
  9963 | D:10     | Reached XP level 11. HP: 67/67 MP: 13/13
 10055 | D:10     | Noticed Grum
 10121 | D:10     | Killed Grum
 10310 | D:10     | Reached skill level 16 in Ranged Weapons
 10766 | D:11     | Noticed a two-headed ogre
 10775 | D:11     | Killed a two-headed ogre
 10776 | D:11     | Reached skill level 10 in Dodging
 11315 | D:3      | Bought a blackened pearl amulet for 155 gold pieces
 11556 | D:9      | Found a staircase to the Lair.
 11689 | D:9      | Found a staircase to the Orcish Mines.
 11695 | D:9      | Noticed a centaur warrior
 11702 | D:9      | Killed a centaur warrior
 12149 | D:9      | Reached skill level 1 in Evocations
 12170 | D:9      | Reached **** piety under Dithmenos
 12174 | D:9      | Found Tarothio's Distillery.
 12433 | D:9      | Identified the +0 scale mail of Okawaru's Supremacy {rC-
                  | Str+4 Dex+3}
 12444 | D:9      | Noticed an orc knight
 12476 | D:9      | Killed an orc knight
 12740 | D:9      | Identified the +0 quarterstaff "Uggeuh" {spect, rElec Will+
                  | Str+3 Dex-3}
 12753 | D:9      | Got the Quarto of Last Rites
 12995 | D:11     | Identified the +0 chain mail of Birdsong {Dex+2}
 13086 | D:11     | Noticed Psyche
 13101 | D:11     | Killed Psyche
 13369 | D:11     | Reached XP level 12. HP: 76/76 MP: 14/14
 14200 | D:12     | Found a broken altar of Ashenzari.
 14382 | D:12     | Reached skill level 5 in Evocations
 14569 | D:12     | Noticed a centaur warrior
 14569 | D:12     | Noticed a two-headed ogre
 14597 | D:12     | Killed a centaur warrior
 14607 | D:12     | Killed a two-headed ogre
 14611 | D:12     | Reached skill level 10 in Fighting
 14611 | D:12     | Noticed a yaktaur captain
 15158 | D:12     | Noticed an ogre mage
 15173 | D:12     | Noticed a two-headed ogre
 15174 | D:12     | Killed a yaktaur captain
 15175 | D:12     | Reached skill level 1 in Armour
 15231 | D:12     | Killed an ogre mage
 15582 | Lair:1   | Entered Level 1 of the Lair of Beasts
 16550 | Lair:2   | Noticed a five-headed hydra
 16700 | D:12     | Killed a two-headed ogre
 17006 | D:12     | Reached XP level 13. HP: 77/83 MP: 15/15
 17387 | D:13     | Reached ***** piety under Dithmenos
 17476 | D:13     | Noticed a tengu reaver
 17476 | D:13     | Noticed a sphinx
 17489 | D:13     | Killed a tengu reaver
 17887 | Lair:2   | Identified the staff of the Common Good {Fly rElec rPois
                  | Will++ Dex-2 Air}
 17982 | Lair:2   | Reached skill level 17 in Ranged Weapons
 18161 | Lair:2   | Reached skill level 5 in Armour
 18313 | Lair:2   | Got the Textbook on Teratogeny and Phlogiston
 18554 | Lair:2   | Identified the +2 ring mail of Hept {rC+ Slay+2}
 18697 | Lair:2   | Found a hole to the Spider Nest.
 18797 | Lair:3   | Found a dark tunnel.
 18811 | Volcano  | Entered a volcano
 18948 | Volcano  | Found a bloodstained altar of Trog.
 18964 | Volcano  | HP: 4/83 [sun demon[an orc sorcerer] (4)]
 18966 | Volcano  | Slain by an orc sorcerer

Illustrated notes

Levels and vault maps discovered:
D:1:      wander_arrival_desolate, layout_basic, serial_shops, shop,
          minivault_23
D:2:      layout_basic, serial_shops, shop, dreamdust_wishing_well,
          nrook_loot_triangle, uniq_crazy_yiuf_cottage, uniq_robin
D:3:      layout_basic, serial_shops, nicolae_shop_advertising_works
          [nicolae_subvault_shop_adworks], ebering_ghost_sewer_f
D:4:      layout_loops_ring
D:5:      cheibrodos_helix_gallery, layout_loops_ring,
          minmay_temple_entry_junction, portal_sewer_entry_b, uniq_grinder,
          uniq_sigmund
D:6:      layout_loops_corners, mainiacjoe_overflow_chevrons,
          nicolae_qazlal_eye_of_the_storm, uniq_pikel, uniq_prince_ribbit1
D:7:      layout_loops_cross, mainiacjoe_overflow_24_doors, enter_bailey_4,
          minmay_guarded_unrand_finisher, uniq_duvessa
D:8:      layout_cave_pods
D:9:      minmay_the_grid_3x3 [minmay_the_grid_dragon_b,
          minmay_the_grid_aliased_spiral, minmay_the_grid_eight,
          minmay_the_grid_armoury, minmay_the_grid_x,
          minmay_the_grid_minigrid_small, minmay_the_grid_minigrid_large,
          minmay_the_grid_medium_cups, minmay_the_grid_prize_inner_circle],
          layout_stronghold, dpeg_oklobed_lair, orc_0_dummy, serial_shops,
          nicolae_shop_industrial_runoff
D:10:     layout_loops_corners, nicolae_uskayaw_suspiria, uniq_grum
D:11:     layout_stronghold, uniq_psyche
D:12:     hourglass_vault, layout_loops_ring, ashenzari_conservatory_becter
D:13:     nzn_winding_woodlands_three_and_one
          [nzn_winding_woodlands_5x15_split_checker,
          nzn_winding_woodlands_5x15_cabin, nzn_winding_woodlands_5x15_pockets,
          nzn_winding_woodlands_center_garden], layout_irregular_city
Temple:   regret_index_temple_chain_breaker
Lair:1:   layout_cave_pods
Lair:2:   layout_roguey, hellmonk_spider_entry_life_and_decay, st_stairs_6
Lair:3:   layout_small_grid, minmay_shoals_entry_hut, gauntlet_entry_generic,
          enter_volcano_3, serial_bayou_pond_a, chequers_serial_rivers_micro_a
Volcano:  volcano_grotto [vgs_many_chambers]

Skill      XL: |  1  2  3  4  5  6  7  8  9 10 11 12 13 |
---------------+----------------------------------------+-----
Stealth        | 5 |  5.0
Ranged Weapons | 2 3 4 5 7 9 11 13 15 16 17 | 17.5
Fighting       | 2 3 4 5 6 7 9 10 11 | 11.6
Dodging        | 2 4 5 7 9 11 13 | 13.0
Evocations     | 3 6 |  6.1
Armour         | 3 5 |  5.6
Short Blades   | |  2.3
Throwing       | |  2.0

Action                     |  1- 3 |  4- 6 |  7- 9 | 10-12 | 13-15 || total
---------------------------+-------+-------+-------+-------+-------++-------
  Melee: Dagger            |   104 |    21 |       |       |       ||   125
         Punch             |       |     1 |       |       |       ||     1
   Fire: Orcbow            |       |   210 |   379 |   999 |       ||  1588
         Arbalest          |       |       |       |    37 |   225 ||   262
  Throw: Dart              |    24 |     7 |       |     1 |       ||    32
  Evoke: Wand              |       |     4 |     5 |    11 |     1 ||    21
    Use: Scroll            |     2 |    14 |     4 |    11 |     7 ||    38
         Potion            |       |     3 |     5 |     9 |     6 ||    23
   Stab: Sleeping          |     5 |     1 |       |       |       ||     6
 Armour: Robe              |    17 |       |       |       |       ||    17
         Leather armour    |    46 |    73 |    83 |       |       ||   202
         Troll leather arm |       |       |     6 |    27 |       ||    33
         Steam dragon scal |       |       |       |   200 |    84 ||   284
  Dodge: Dodged            |    71 |    72 |   111 |   368 |   139 ||   761
  Block: Other             |       |       |       |    49 |    32 ||    81
         Reflection        |       |       |       |     5 |     2 ||     7

Table legend: (Time is in decaauts)
 A = Elapsed time spent in this place.
 B = Non-inter-level travel time spent in this place.
 C = Inter-level travel time spent in this place.
 D = Time resting spent in this place.
 E = Time spent auto-exploring this place.
 F = Levels seen in this place.
 G = Mean time per level.
                   A        B        C        D        E       F      G
               +--------+--------+--------+--------+--------+-----+--------+
         Total |  18802 |  17016 |   1786 |    974 |  12567 |  20 |  940.1 |
       Dungeon |  15921 |  14265 |   1656 |    881 |  10578 |  13 | 1224.7 |
        Temple |     42 |     23 |     19 |      0 |      0 |   1 |   42.0 |
          Lair |   2039 |   1929 |    110 |      0 |   1641 |   3 |  679.7 |
         Sewer |    303 |    303 |      0 |     50 |    164 |   1 |  303.0 |
        Bailey |    339 |    339 |      0 |      0 |    183 |   1 |  339.0 |
       Volcano |    156 |    156 |      0 |     43 |      0 |   1 |  156.0 |
               +--------+--------+--------+--------+--------+-----+--------+

Top non-repeatable levels by time:
     D:9: 2217 daAuts
    D:12: 1678 daAuts
    D:11: 1649 daAuts
     D:5: 1358 daAuts
     D:6: 1327 daAuts
    D:10: 1292 daAuts
     D:3: 1115 daAuts
     D:1: 1075 daAuts
     D:2: 1025 daAuts
     D:8: 1021 daAuts
  Lair:2: 1011 daAuts
     D:7: 1003 daAuts
  Lair:1: 987 daAuts
     D:4: 861 daAuts
  Bailey: 339 daAuts
